 Dungeon Crawl Stone Soup version 0.28-a0-932-g843f935a50 (webtiles) character file.

Game seed: 11667333263294460270

221 spiderkeys the Skirmisher (level 5, -4/85 HPs)
             Began as an Ogre Abyssal Knight on Nov 28, 2021.
             Was a Believer of Lugonu.
             Slain by a gnoll shaman (16 damage)
             ... on level 4 of the Dungeon.
             The game lasted 00:15:25 (4395 turns).

spiderkeys the Skirmisher (Ogre Abyssal Knight)     Turns: 4395, Time: 00:15:26

Health: -4/85      AC: 22    Str: 17    XL:     5   Next: 98%
Magic:  8/8        EV:  1    Int: 12    God:    Lugonu [**....]
Gold:   140        SH:  0    Dex:  9    Spells: 2/8 levels left

rFire   . . .      SeeInvis +   a - +2 spear
rCold   . . .      Faith    .   (no shield)
rNeg    . . .      Spirit   .   (armour currently unavailable)
rPois   +          Reflect  .   (helmet currently unavailable)
rElec   .          Harm     .   (cloak currently unavailable)
rCorr   .          Rampage  .   (gloves unavailable)
Will    +....      NoTele   +   (boots unavailable)
Stlth   +.........              (no amulet)
HPRegen 0.24/turn               d - ring of willpower
MPRegen 0.11/turn               E - +4 ring of evasion

@: lit by a corona, tree-form, glowing
A: stationary, stasis, torment immunity, boosted hp, large, unfitting armour,
(tough skin 1), see invisible, sense surroundings 1, subdued magic 1
a: Renounce Religion, Depart the Abyss, Bend Space


You were on level 4 of the Dungeon.
You worshipped Lugonu.
Lugonu was pleased with you.
You were a tree.
You visited 1 branch of the dungeon, and saw 4 of its levels.
You visited the Abyss 1 time.

You collected 140 gold pieces.


Innate Abilities, Weirdness & Mutations

You are a tree.
Your roots penetrate the ground, keeping you stationary.
You cannot be teleported.
You are immune to unholy pain and torment.
Your maximum health is greatly increased.
Your equipment is partially melded.
You are too large for most types of armour.
((You have tough skin. (AC +1)))
You have supernaturally acute eyesight. (SInv)
You passively map a small area around you.
Your spells are a little easier to cast, but a little less powerful.


   Skills:
 - Level 5.0 Fighting
 + Level 3.1 Polearms
 + Level 3.2 Dodging
 + Level 2.0 Spellcasting
 + Level 0.7 Fire Magic
 + Level 3.4 Invocations


You had 2 spell levels left.
You knew the following spells:

 Your Spells              Type           Power      Damage    Failure   Level
d - Tukima's Dance        Hex            0%         N/A       58%         3
z - Sandblast             Erth           0%         2d4       22%         1
X - Scorch                Fire           4%         2d5       26%         2

Your spell library contained the following spells:

 Spells                   Type           Power      Damage    Failure   Level
 Freeze                   Ice            0%         1d3       22%         1
 Frozen Ramparts          Ice            0%         1d2       58%         3
 Flame Wave               Conj/Fire      1%         3d3       91%         4
 Hailstorm                Conj/Ice       0%         3d3       94%         4
 Passage of Golubria      Tloc           0%         N/A       94%         4
 Yara's Violent Unravell  Hex/Tmut       0%         3d3       100%        5
 Summon Cactus Giant      Summ           0%         N/A       100%        6

Inventory:

Hand Weapons
 a - a +2 spear (weapon)
Missiles
 f - 35 bolts
 i - 6 poisoned darts
 j - 20 arrows
 l - 3 stones
 m - 3 boomerangs
Armour
 b - a +0 robe (melded)
Jewellery
 d - a ring of willpower (left branch)
   (You found it on level 3 of the Dungeon)
 E - a +4 ring of evasion (right branch)
   (You found it on level 4 of the Dungeon)
Scrolls
 c - a scroll of amnesia
 e - a scroll of magic mapping {!r}
Potions
 g - 2 potions of mutation {!q}
 h - a potion of lignification {!q}

Dungeon Overview and Level Annotations

Branches:
Dungeon (4/15)
 Temple: D:4-7

Altars:

Shops:
D:2 (

Annotations:
D:2 1 runed translucent door, Crazy Yiuf

...####......# .....
......... #..## ##.....
#........##...##.gg....
#..... #..........$...
#...# #...#.gg#####..,,
##..#* #.####g## *
##...## #.# #g# #.....#
#.# #g# #..#..## #.##
#♣# #.####.## #..# #.#
### #.# ##.###..# #.#*
, * ... #.# #......#
#.. * , ,,.. #.##
##....## ##. * #. ##.#
##..## *## * #. #..#
#### * ##. #..# ###..
#..# #### ##....


You could see a gnoll shaman and 4 gnolls.


Message History

You puncture the gnoll!
You kill the gnoll!
Lugonu accepts your kill.
The kobold throws a poisoned dart.
The poisoned dart closely misses you.
You reach to attack!
You closely miss the kobold. You hit the kobold.
You kill the kobold!
Lugonu accepts your kill.
You reach to attack!
You hit the gnoll shaman. You closely miss the gnoll shaman.
The gnoll shaman closely misses you.
You barely miss the gnoll shaman. The gnoll shaman misses you.
You completely miss the gnoll shaman.
The gnoll shaman hits you with a +1 whip of electrocution!
You are electrocuted! 😮 HP[-17]
You take 17 damage, and now have 40/57 hp.
MASSIVE DAMAGE!! (PAUSE)
Casting: Sandblast (safe; 22% risk of failure)
Confirm with . or Enter, or press ? or * to list all spells.
Aiming: Sandblast (safe; 22% risk of failure)
Press: ? - help, Shift-Dir - straight line, f/p - gnoll shaman
Aim: a gnoll shaman, wielding a +1 whip of electrocution and wearing a +0 leather armour (lightly wounded, 81% to hit)
You miscast Sandblast.
You are very lightly contaminated with residual magic.
Nothing appears to happen.
The gnoll shaman misses you. 😮 HP[+1] MP[-1]
You lost 1 mp, and now have 7/8 mp.
Casting: Sandblast (safe; 22% risk of failure)
Confirm with . or Enter, or press ? or * to list all spells.
Aiming: Sandblast (safe; 22% risk of failure)
Press: ? - help, Shift-Dir - straight line, f/p - gnoll shaman
Aim: a gnoll shaman, wielding a +1 whip of electrocution and wearing a +0 leather armour (lightly wounded, 81% to hit)
The blast of sand misses the gnoll shaman.
The blast of sand hits the gnoll.
l - 4 stones The gnoll shaman invokes the aid of its god against you.
You are outlined in light. 😮 MP[-1]
You lost 1 mp, and now have 6/8 mp.
Unknown command.
Casting: Sandblast (safe; 22% risk of failure)
Confirm with . or Enter, or press ? or * to list all spells.
Aiming: Sandblast (safe; 22% risk of failure)
Press: ? - help, Shift-Dir - straight line, f/p - gnoll shaman
Aim: a gnoll shaman, wielding a +1 whip of electrocution and wearing a +0 leather armour (lightly wounded, 81% to hit)
The blast of sand hits the gnoll shaman but does no damage.
l - 3 stones The gnoll shaman completely misses you. 😮 MP[-1]
You lost 1 mp, and now have 5/8 mp.
Unknown command.
As you read the scroll labelled JOVIPL PIKHI, it crumbles to dust.
You speak a Word of immense power!
It was a scroll of holy word.
The gnoll shaman barely misses you.
Okay, then.
It was a potion of magic.
Magic courses through your body.
The gnoll shaman hits you with a +1 whip of electrocution. 😮 HP[-4] MP[+3]
You take 4 damage, and now have 37/57 hp.
Your mp is fully restored (8).
You hit the gnoll shaman.
The gnoll shaman hits you with a +1 whip of electrocution. 😮 HP[-5]
You take 5 damage, and now have 32/57 hp.
You barely miss the gnoll shaman.
The gnoll shaman calls upon its god to heal the gnoll.
The gnoll's wounds heal themselves!
Your magical contamination has completely faded away.
Really quaff
h - 2 potions of lignification {!q}?
Really quaff the potion of lignification?
You turn into a tree.
Your +0 robe melds into your body.
Your roots penetrate the ground.
The gnoll shaman hits you but does no damage. 😮 HP[+16]
You now have 85 max hp (+28).
You regained 16 hp, and now have 48/85 hp.
You hit the gnoll shaman.
The gnoll shaman hits you but does no damage.
You hit the gnoll shaman but do no damage.
The gnoll shaman hits you but does no damage.
You barely miss the gnoll shaman.
The gnoll shaman hits you but does no damage.
You are electrocuted!
* * * LOW HITPOINT WARNING * * *
😨 HP[-16]
You take 16 damage, and now have 32/85 hp.
You hit the gnoll shaman but do no damage.
The gnoll shaman hits you but does no damage.
You hit the gnoll shaman.
You hit the gnoll shaman but do no damage.
The gnoll shaman hits you but does no damage.
You are electrocuted!!
* * * LOW HITPOINT WARNING * * *
😱 HP[-20]
You take 20 damage, and now have 12/85 hp.
MASSIVE DAMAGE!! (PAUSE)
You barely miss the gnoll shaman.
The gnoll shaman hits you but does no damage.
You are electrocuted!
You die...

Skill      XL: |  1  2  3  4  5 |
---------------+----------------+-----
Spellcasting   | 1 2 |  2.0
Fighting       | 5 |  5.0
Dodging        | 3 |  3.2
Invocations    | 3 |  3.4
Polearms       | 3 |  3.1
Fire Magic     | |  0.7

Action                   |  1- 3 |  4- 6 || total
-------------------------+-------+-------++-------
Melee: Spear             |   141 |   166 ||   307
 Cast: Sandblast         |       |     2 ||     2
Invok: Depart the Abyss  |     1 |       ||     1
  Use: Potion            |     1 |     7 ||     8
       Scroll            |     4 |     2 ||     6
 Stab: Sleeping          |     4 |     1 ||     5
Armor: Robe              |    29 |    37 ||    66
       Skin              |       |    21 ||    21
Dodge: Dodged            |    75 |    87 ||   162

Levels and vault maps discovered:
D:1:      heliophobic_arrival_dark_side_of_the_moon, layout_basic,
          minmay_bisected
D:2:      layout_loops_ring, shapermc_ecumenical_altar_rom_forum, serial_shops,
          nicolae_shop_trees, uniq_crazy_yiuf_cottage
D:3:      layout_basic, bh_walls_and_bars
D:4:      layout_layer_cave, nicolae_shop_clearance

Notes
Turn   | Place    | Note
-------+----------+-------------------------------------------
     0 | Abyss:1  | spiderkeys the Ogre Abyssal Knight began the quest for the
                  | Orb.
     0 | Abyss:1  | Reached XP level 1. HP: 24/24 MP: 2/2
     0 | Abyss:1  | magus.rc [v1.9.10]
    56 | Abyss:1  | Found a corrupted altar of Lugonu.
   109 | Abyss:1  | Noticed a small abomination
   122 | Abyss:1  | Gained mutation: You passively map a small area around you.
                  | [potion of mutation]
   122 | Abyss:1  | Gained mutation: You have supernaturally acute eyesight.
                  | (SInv) [potion of mutation]
   122 | Abyss:1  | Gained mutation: Your spells are a little easier to cast,
                  | but a little less powerful. [potion of mutation]
   123 | D:1      | You pass through the gate.
   123 | D:1      | Escaped the Abyss
   292 | D:1      | Reached XP level 2. HP: 32/32 MP: 3/3
   502 | D:1      | Reached * piety under Lugonu
   745 | D:1      | Reached XP level 3. HP: 40/40 MP: 4/4
  1250 | D:2      | Found a runed translucent door.
  1251 | D:2      | Noticed Crazy Yiuf
  1300 | D:2      | Found a faded altar of an unknown god.
  1308 | D:2      | Got Plato's Papyrus of the Mountains
  1319 | D:2      | Learned a level 1 spell: Sandblast
  1732 | D:2      | Reached XP level 4. HP: 49/49 MP: 6/6
  1988 | D:2      | Found Qaneciame's Weapon Boutique.
  2275 | D:3      | You add the spells Tukima's Dance, Passage of Golubria and
                  | Yara's Violent Unravelling to your library.
  2280 | D:3      | Learned a level 3 spell: Tukima's Dance
  2402 | D:3      | Reached skill level 1 in Spellcasting
  2434 | D:3      | Noticed a scorpion
  2444 | D:3      | HP: 12/49 [scorpion (6)]
  2448 | D:3      | HP: 4/49 [scorpion (2)]
  2453 | D:3      | HP: 9/49 [poisoned by a scorpion]
  2454 | D:3      | Killed a scorpion
  2455 | D:3      | Reached skill level 5 in Fighting
  2455 | D:3      | Reached skill level 3 in Dodging
  2455 | D:3      | Reached skill level 3 in Invocations
  2455 | D:3      | Reached XP level 5. HP: 10/57 MP: 7/7
  2726 | D:3      | You pick up a book of Scorching and begin reading...
  2726 | D:3      | You add the spells Scorch, Flame Wave and Summon Cactus
                  | Giant to your library.
  2730 | D:3      | Learned a level 2 spell: Scorch
  2830 | D:3      | HP: 14/57 [orc (1)]
  2835 | D:3      | HP: 8/57 [orc (6)]
  2837 | D:3      | Reached ** piety under Lugonu
  3420 | D:3      | Reached skill level 3 in Polearms
  3651 | D:3      | HP: 14/57 [adder (3)]
  3656 | D:3      | HP: 9/57 [poisoned by an adder]
  4270 | D:4      | Reached skill level 2 in Spellcasting
  4335 | D:4      | You pick up a book of Frost and begin reading...
  4335 | D:4      | You add the spells Freeze, Frozen Ramparts and Hailstorm to
                  | your library.
  4394 | D:4      | HP: 12/85 [gnoll shaman (20)]
  4395 | D:4      | Slain by a gnoll shaman

Vanquished Creatures
  A scorpion (D:3)
  A centaur zombie (D:4)
  A gnoll (D:4)
  4 adders
  An ufetubus (Abyss:1)
  A dart slug (D:4)
  6 orcs (D:3)
  8 ball pythons
  7 bats
  5 endoplasms
  5 giant cockroaches
  4 goblins
  10 hobgoblins
  7 kobolds
  5 quokkas
  A frilled lizard (D:1)
  3 rats
70 creatures vanquished.

Table legend:
 A = Non-vault XP
 B = Vault XP
 C = Vault XP percentage of total XP
 D = Non-vault monster count
 E = Vault monster count
 F = Vault count percentage of total count
                 A         B        C        D         E       F
            +---------+---------+-------+---------+---------+-------
      Total |     308 |       9 |   2.8 |      65 |       5 |   7.1
            +---------+---------+-------+---------+---------+-------
        D:1 |      31 |       9 |  22.5 |      18 |       5 |  21.7
        D:2 |      55 |       0 |   0.0 |      18 |       0 |   0.0
        D:3 |     151 |       0 |   0.0 |      24 |       0 |   0.0
        D:4 |      63 |       0 |   0.0 |       4 |       0 |   0.0
    Abyss:1 |       8 |       0 |   0.0 |       1 |       0 |   0.0
            +---------+---------+-------+---------+---------+-------

Illustrated notes

Table legend:
 A = Kills in this place as a percentage of kills in entire the game.
 B = Kills by you in this place as a percentage of kills by you in the entire game.
 C = Kills by friends in this place as a percentage of kills by friends in the entire game.
 D = Other kills in this place as a percentage of other kills in the entire game.
 E = Experience gained in this place as a percentage of experience gained in the entire game.
 F = Experience gained in this place divided by the number of levels of this place that you have seen.
                   A       B       C       D       E      F
               +-------+-------+-------+-------+-------+----------------------
         Total | 100.0 | 100.0 |   N/A |   N/A | 100.0 |  63.4
       Dungeon |  98.6 |  98.6 |   N/A |   N/A |  97.5 |  77.2
         Abyss |   1.4 |   1.4 |   N/A |   N/A |   2.5 |   8.0
               +-------+-------+-------+-------+-------+----------------------

Table legend: (Time is in decaauts)
 A = Elapsed time spent in this place.
 B = Non-inter-level travel time spent in this place.
 C = Inter-level travel time spent in this place.
 D = Time resting spent in this place.
 E = Time spent auto-exploring this place.
 F = Levels seen in this place.
 G = Mean time per level.
                   A        B        C        D        E       F      G
               +--------+--------+--------+--------+--------+-----+--------+
         Total |   4383 |   4323 |     60 |    150 |   3596 |   5 |  876.6 |
       Dungeon |   4260 |   4200 |     60 |    150 |   3502 |   4 | 1065.0 |
         Abyss |    123 |    123 |      0 |      0 |     94 |   1 |  123.0 |
               +--------+--------+--------+--------+--------+-----+--------+

Top non-repeatable levels by time:
     D:3: 1981 daAuts
     D:1: 1113 daAuts
     D:2: 1001 daAuts
     D:4: 164 daAuts
 Abyss:1: 123 daAuts
